 Dungeon Crawl Stone Soup version 0.30.0-29-ga12c61a403 (webtiles) character file.

Game seed: 2256453113825533020

36 BONEBRO the Grasshopper (level 3, -2/20 HPs)
             Began as a Deep Elf Warper on June 22, 2023.
             Slain by an adder (3 damage)
             ... on level 2 of the Dungeon.
             The game lasted 00:03:31 (925 turns).

BONEBRO the Grasshopper (Deep Elf Warper)            Turns: 925, Time: 00:03:31

Health: -2/20      AC:  3    Str:  8    XL:     3   Next: 19%
Magic:  9/9        EV: 12    Int: 17    God:
Gold:   52         SH:  0    Dex: 16    Spells: 8/8 levels left

rFire   . . .        a - +0 short sword
rCold   . . .        (no shield)
rNeg    . . .        b - +0 leather armour
rPois   .            (no helmet)
rElec   .            (no cloak)
rCorr   .            (no gloves)
SInv    .            (no boots)
Will    .....        (no amulet)
Stlth   +            (no ring)
HPRegen 0.23/turn    (no ring)
MPRegen 0.11/turn

%: no passive effects
@: lethally poisoned (-2 -> -3), attractive, studying Armour
A: no striking features
a: no special abilities


You were on level 2 of the Dungeon.
You visited 1 branch of the dungeon, and saw 2 of its levels.

You collected 52 gold pieces.

Inventory:

Hand Weapons
 a - a +0 short sword (weapon)
 g - a +0 short sword
Missiles
 d - 7 boomerangs of dispersal (quivered)
Armour
 b - a +0 leather armour (worn)
 f - a +0 buckler
Scrolls
 c - a scroll of blinking
 h - a scroll of fog {unknown}
 i - 2 scrolls of identify {unknown}
Potions
 e - a potion of might


   Skills:
 - Level 1.5 Fighting
 - Level 2.0 Short Blades
 - Level 1.0 Throwing
 - Level 0.7 Armour
 - Level 2.4 Dodging
 - Level 3.0 Spellcasting
 + Level 4.8 Translocations


You had 8 spell levels left.
You didn't know any spells.
Your spell library contained the following spells:

 Spells                   Type           Power      Damage    Failure   Level
 Blink                    Tloc           36%        N/A       5%          2
 Lesser Beckoning         Tloc           36%        N/A       5%          2
 Teleport Other           Tloc           18%        N/A       11%         3
 Vhi's Electric Charge    Tloc/Air       20%        N/A       28%         3
 Manifold Assault         Tloc           18%        N/A       34%         4


Dungeon Overview and Level Annotations

Branches:
Dungeon (2/15)

Altars:


Message History

You feel less wooden.
Your +0 leather armour unmelds from your body.
You start resting.
You feel a little less mighty now.
You start resting.
An adder comes into view.
The adder hisses angrily.
You hit the adder but do no damage. The adder bites you.
You are poisoned.
The adder poisons you!
You closely miss the adder.
You feel sick. The adder bites you.
You completely miss the adder.
You feel sick. The adder misses you.
You hit the adder.
The adder is moderately wounded.
You feel sick. The adder barely misses you.
You hit the adder but do no damage.
The adder is moderately wounded.
You feel sick. The adder bites you but does no damage.
You hit the adder.
The adder is severely wounded.
You feel sick.
You are no longer poisoned.
The adder misses you. The adder bites you.
* * * LOW HITPOINT WARNING * * *
You are poisoned.
The adder poisons you!
It was a potion of attraction.
You feel attractive to monsters.
* * * LOW HITPOINT WARNING * * *
You feel sick. The adder bites you but does no damage.
You miss the adder.
The adder is severely wounded.
* * * LOW HITPOINT WARNING * * *
You feel sick. The adder bites you.
* * * LOW HITPOINT WARNING * * *
You hit the adder but do no damage.
The adder is severely wounded.
* * * LOW HITPOINT WARNING * * *
You feel sick. The adder bites you.
You die...

#.#.#.# ########.#
#..#.####........#
#.)...S..........
#..#.#####.#####.
#. #.# #.#
#.#.#####.##
#..........#
###.##.###S#
#....# #@#
####.###.#######.#
#......<......#
##########.....
###


You could see an adder.

Vanquished Creatures
  An adder (D:2)
  3 dart slugs (D:1)
  A ball python (D:1)
  3 bats (D:1)
  3 endoplasms (D:1)
  3 goblins
  2 quokkas (D:1)
  2 frilled lizards (D:1)
  A kobold (D:1)
  3 rats (D:1)
22 creatures vanquished.

Notes
Turn   | Place    | Note
-------+----------+-------------------------------------------
     0 | D:1      | BONEBRO the Deep Elf Warper began the quest for the Orb.
     0 | D:1      | Reached XP level 1. HP: 12/12 MP: 6/6
   232 | D:1      | Reached skill level 4 in Translocations
   232 | D:1      | Reached XP level 2. HP: 13/16 MP: 8/8
   744 | D:1      | Found a faded altar of an unknown god.
   829 | D:2      | Reached XP level 3. HP: 7/20 MP: 9/9
   835 | D:2      | HP: 1/20 [poisoned by an adder]
   925 | D:2      | HP: 1/20 [poisoned by an adder]
   925 | D:2      | Slain by an adder

Illustrated notes

Levels and vault maps discovered:
D:1:      dpeg_arrival_pits, layout_loops_ring,
          hellmonk_ecumenical_altar_defaced_shrine, chequers_jeans,
          minmay_misc_feat_chi
D:2:      layout_loops_ring, nicolae_wormholes, uniq_jessica

Skill      XL: |  1 |
---------------+----+-----
Translocations | 4 |  4.8
Fighting       | |  1.5
Short Blades   | |  2.0
Throwing       | |  1.0
Armour         | |  0.7
Dodging        | |  2.4
Spellcasting   | |  3.0

Action                     || total
---------------------------++-------
  Melee: Short sword       ||   102
    Use: Potion            ||     3
   Stab: Sleeping          ||     1
 Armour: Leather armour    ||    27
  Dodge: Dodged            ||    56
